 Dungeon Crawl Stone Soup version 0.28-a0-10-g964c8b829e (webtiles) character file.

Game seed: 9252066341400059475

430 ezpacito the Agent of Entropy (level 6, -2/48 HPs)
             Began as a Demonspawn Abyssal Knight on July 25, 2021.
             Was a Priest of Lugonu.
             Slain by a scorpion (6 damage)
             ... on level 4 of the Dungeon.
             The game lasted 00:07:42 (4870 turns).

ezpacito the Agent of Entropy (DsAK)                Turns: 4870, Time: 00:07:43

Health: -2/48      AC: 11    Str: 11 (13) XL:     6   Next: 66%
Magic:  18/18      EV: 11    Int: 13      God:    Lugonu [***...]
Gold:   51         SH:  0    Dex: 14      Spells: 9/9 levels left

rFire   + . .      SeeInvis .   a - +3 hand axe
rCold   . . .      Faith    .   (no shield)
rNeg    . . .      Spirit   .   k - +0 ring mail
rPois   .          Reflect  .   (helmet restricted)
rElec   .          Harm     .   c - +0 cloak
rCorr   .          Rampage  .   i - +0 pair of gloves
Will    .....                   h - +0 pair of boots
Stlth   +.........              (no amulet)
HPRegen 0.16/turn               n - ring of magical power
MPRegen 0.16/turn               (no ring)

@: lethally poisoned (-2 -> -18)
A: horns 2, thin metallic scales 1, powered by pain 1, talons 1, fire resistance
1, screaming 1
a: Renounce Religion, Depart the Abyss, Bend Space, Banish


You were on level 4 of the Dungeon.
You worshipped Lugonu.
Lugonu was most pleased with you.
You visited 1 branch of the dungeon, and saw 4 of its levels.
You visited the Abyss 1 time.

You collected 51 gold pieces.

Inventory:

Hand Weapons
 a - a +3 hand axe (weapon)
Missiles
 f - 56 stones (quivered)
Armour
 b - a +0 chain mail
 c - a +0 cloak (worn)
 h - a +0 pair of boots (worn)
 i - a +0 pair of gloves (worn)
 k - a +0 ring mail (worn)
 l - a +0 scale mail
Jewellery
 n - a ring of magical power (left hand)
Scrolls
 j - 2 scrolls of magic mapping
Potions
 d - a potion of lignification


   Skills:
 + Level 3.8 Fighting
 * Level 3.7 Axes
 + Level 1.1 Throwing
 + Level 2.9 Armour
 + Level 2.2 Dodging
 + Level 0.5 Unarmed Combat
 + Level 2.0 Spellcasting
 + Level 3.8 Invocations


You had 9 spell levels left.
You didn't know any spells.
Your spell library was empty.

Dungeon Overview and Level Annotations

Branches:
Dungeon (4/15)
 Temple: D:4-7

Altars:


Innate Abilities, Weirdness & Mutations

You have a pair of horns on your head.
You are partially covered in thin metallic scales. (AC +2)
You sometimes gain a little power by taking damage.
You have sharp toenails.
Your flesh is heat resistant. (rF+)
You occasionally shout uncontrollably at your foes.


Message History

The scorpion is severely wounded.
The scorpion stings you.
You are poisoned.
The scorpion poisons you!
You closely miss the scorpion.
The scorpion is severely wounded.
You feel sick. The scorpion barely misses you.
You closely miss the scorpion.
The scorpion is severely wounded.
You feel sick. The scorpion stings you.
You closely miss the scorpion.
The scorpion is severely wounded.
You feel sick. The scorpion stings you.
The scorpion stings you but does no damage.
You closely miss the scorpion.
The scorpion is heavily wounded.
You feel sick. The scorpion completely misses you.
You hit the scorpion.
The scorpion is severely wounded.
You feel sick. The scorpion stings you.
You are more poisoned.
The scorpion poisons you!
You hit the scorpion but do no damage.
The scorpion is severely wounded.
You feel sick. The scorpion stings you.
You are more poisoned.
The scorpion poisons you! The scorpion stings you.
You are more poisoned.
The scorpion poisons you!
You hit the scorpion.
The scorpion is severely wounded.
* * * LOW HITPOINT WARNING * * *
You feel extremely sick. The scorpion closely misses you.
You hit the scorpion. Your headbutt misses the scorpion.
The scorpion is almost dead.
* * * LOW HITPOINT WARNING * * *
You feel very sick. The scorpion stings you.
You die...

#.....#........#....)'
#+####.....##+#############
..........................#
..........................#
...........................
.......)............†...)..
...#######)##################.
..............#........> #.
####.........@sZ........ #.
#.....##..####..####.# #.
#.#.######## #..# #. # #.
..... #. . ...... #. J
......... #. .. .....)... #.
#..####..#######. #.......


You could see a scorpion and a bullfrog skeleton.

Vanquished Creatures
  Blork the orc (D:4)
  An orc priest (D:4)
  A hound (D:4)
  An iguana (D:4)
  2 orc wizards (D:3)
  A hound skeleton (D:4)
  4 gnolls
  5 adders
  An adder skeleton (D:4)
  2 worms
  2 dart slugs
  9 orcs
  17 endoplasms
  2 giant cockroaches
  5 goblins
  9 hobgoblins
  8 jackals
  3 quokkas
  10 ball pythons
  2 bats
  4 frilled lizards
  5 kobolds
  6 rats
101 creatures vanquished.

Notes
Turn   | Place    | Note
-------+----------+-------------------------------------------
     0 | Abyss:1  | ezpacito the Demonspawn Abyssal Knight began the quest for
                  | the Orb.
     0 | Abyss:1  | Reached XP level 1. HP: 18/18 MP: 2/2
    73 | Abyss:1  | Noticed a shock serpent skeleton
    83 | D:1      | Escaped the Abyss
   444 | D:1      | Reached skill level 1 in Dodging
   552 | D:1      | Gained mutation: You are partially covered in thin metallic
                  | scales. (AC +2) [demonic ancestry]
   552 | D:1      | Reached XP level 2. HP: 24/24 MP: 3/3
   645 | D:1      | Reached * piety under Lugonu
   979 | D:1      | Gained mutation: You sometimes gain a little power by
                  | taking damage. [demonic ancestry]
   979 | D:1      | Reached XP level 3. HP: 27/29 MP: 5/5
  1595 | D:2      | Reached skill level 1 in Spellcasting
  1595 | D:2      | Gained mutation: You have a pair of small horns on your
                  | head. [demonic ancestry]
  1595 | D:2      | Reached XP level 4. HP: 10/35 MP: 6/6
  2046 | D:2      | Reached ** piety under Lugonu
  3016 | D:3      | Reached XP level 5. HP: 40/41 MP: 7/7
  4162 | D:4      | Gained mutation: You have a pair of horns on your head.
                  | [demonic ancestry]
  4162 | D:4      | Reached XP level 6. HP: 17/47 MP: 8/8
  4469 | D:4      | Reached *** piety under Lugonu
  4575 | D:4      | Noticed Blork the orc
  4583 | D:4      | Gained mutation: You have sharp toenails. [potion of
                  | mutation]
  4583 | D:4      | Gained mutation: You occasionally shout uncontrollably at
                  | your foes. [potion of mutation]
  4583 | D:4      | Gained mutation: Your flesh is heat resistant. (rF+)
                  | [potion of mutation]
  4593 | D:4      | Killed Blork the orc
  4594 | D:4      | Reached skill level 1 in Throwing
  4870 | D:4      | Slain by a scorpion

Illustrated notes

Levels and vault maps discovered:
D:1:      dpeg_arrival_long_road, layout_loops_ring
D:2:      layout_loops_ring, minmay_pentomino_u2
D:3:      layout_basic, minmay_mini_jars
D:4:      layout_gridville, minmay_misc_feat_tiny, abandoned_shop, uniq_natasha,
          uniq_blork_the_orc

Skill      XL: |  1  2  3  4  5  6 |
---------------+-------------------+-----
Dodging        | 1 2 |  2.2
Axes           | 2 3 |  3.7
Armour         | 2 |  2.9
Spellcasting   | 1 2 |  2.0
Invocations    | 3 |  3.8
Throwing       | 1 |  1.1
Fighting       | |  3.8
Unarmed Combat | |  0.5

Action                   |  1- 3 |  4- 6 || total
-------------------------+-------+-------++-------
Melee: Hand axe          |   113 |   235 ||   348
       Headbutt          |       |    40 ||    40
Invok: Depart the Abyss  |     1 |       ||     1
  Use: Scroll            |     2 |     3 ||     5
       Potion            |     2 |     6 ||     8
 Stab: Sleeping          |     1 |     1 ||     2
Armor: Leather armour    |    30 |    19 ||    49
       Ring mail         |       |    71 ||    71
       Skin              |       |    51 ||    51
Dodge: Dodged            |    79 |   101 ||   180

Table legend: (Time is in decaauts)
 A = Elapsed time spent in this place.
 B = Non-inter-level travel time spent in this place.
 C = Inter-level travel time spent in this place.
 D = Time resting spent in this place.
 E = Time spent auto-exploring this place.
 F = Levels seen in this place.
 G = Mean time per level.
                   A        B        C        D        E       F      G
               +--------+--------+--------+--------+--------+-----+--------+
         Total |   4926 |   4713 |    213 |   1108 |   2838 |   5 |  985.2 |
       Dungeon |   4842 |   4629 |    213 |   1108 |   2765 |   4 | 1210.5 |
         Abyss |     84 |     84 |      0 |      0 |     73 |   1 |   84.0 |
               +--------+--------+--------+--------+--------+-----+--------+

Top non-repeatable levels by time:
     D:3: 1507 daAuts
     D:1: 1454 daAuts
     D:2: 1127 daAuts
     D:4: 753 daAuts
 Abyss:1: 84 daAuts
